| TOP OF THE 1ST |
|
Washington (APP) Nationals batting - Pitching for Kingsport Mets : RHP Andy Carrell
|
|
Pitching: RHP Andy Carrell
|
|
|
Batting: LHB Vince McLane
|
0-0: Foul Ball, location: 2F 0-1: Swinging Strike 0-2: Ball 1-2: Ball 2-2: Ball 3-2: Base on Balls
|
|
Batting: RHB Justin Van Houten
|
0-0: Ball 1-0: Ball 2-0: Swinging Strike 2-1: Swinging Strike 2-2: Strikes out swinging Vince McLane steals 2nd base Batter strikes out.
|
|
Batting: LHB Chance McWilliams
|
0-0: Called Strike Vince McLane steals 3rd base 0-1: Ball 1-1: Foul Ball, location: 2F 1-2: Ground out U3 (Groundball, 3, EV 106.9 MPH)
|
|
Batting: RHB Tylor Cyr
|
0-0: Ball 1-0: Called Strike 1-1: Ball 2-1: Foul Ball, location: 2F 2-2: Strikes out swinging
|
| Top of the 1st over - 0 runs, 0 hits, 0 errors, 1 left on base; Washington (APP) 0 - Kingsport 0 |
| BOTTOM OF THE 1ST |
|
Kingsport Mets batting - Pitching for Washington (APP) Nationals : LHP Danny Juarez
|
|
Pitching: LHP Danny Juarez
|
|
|
Batting: SHB Tyler Maddux
|
0-0: Ground out 5-3 (Groundball, 56S, EV 85.6 MPH)
|
|
Batting: LHB Jeremy Moorehead
|
0-0: Called Strike 0-1: Called Strike 0-2: Ball 1-2: Ball 2-2: Ball 3-2: Base on Balls
|
|
Batting: LHB Dan Bremseth
|
0-0: Called Strike 0-1: Ball 1-1: DOUBLE (Line Drive, 89D, EV 104.4 MPH) Jeremy Moorehead to third Runner from 3rd tries for Home, SAFE, no throw by CF
|
|
Batting: SHB Nick Daigle
|
0-0: Foul Ball, location: 2F 0-1: Swinging Strike Passed Ball! Dan Bremseth to third 0-2: Ball 1-2: Ball 2-2: Strikes out looking
|
|
Batting: RHB Danny Runberg
|
0-0: Ball 1-0: Ball 2-0: Swinging Strike 2-1: Ball 3-1: Base on Balls
|
|
Batting: LHB Matt Baker
|
0-0: Ball 1-0: Called Strike 1-1: Ball 2-1: Foul Ball, location: 2F 2-2: Fielders Choice at 2nd, 6-4 (Groundball, 6, EV 85.6 MPH)
|
| Bottom of the 1st over - 1 run, 1 hit, 0 errors, 2 left on base; Washington (APP) 0 - Kingsport 1 |
| TOP OF THE 2ND |
|
Washington (APP) Nationals batting - Pitching for Kingsport Mets : RHP Andy Carrell
|
|
Batting: RHB Justin Davenport
|
0-0: Called Strike 0-1: Ball 1-1: Foul Ball, location: 2F 1-2: Strikes out swinging
|
|
Batting: RHB Lamar Thornton
|
0-0: Ground out 5-3 (Groundball, 56S, EV 88.1 MPH)
|
|
Batting: RHB Chad Madsen
|
0-0: Called Strike 0-1: Ball 1-1: Foul Ball, location: 2F 1-2: Foul Ball, location: 2F 1-2: Foul Ball, location: 2F 1-2: Ball 2-2: SINGLE (Groundball, 56D, EV 94.4 MPH)
|
|
Batting: LHB Jim Weidman
|
0-0: Called Strike 0-1: Called Strike 0-2: Ball 1-2: Foul Ball, location: 2F 1-2: Foul Ball, location: 2F 1-2: Strikes out looking
|
| Top of the 2nd over - 0 runs, 1 hit, 0 errors, 1 left on base; Washington (APP) 0 - Kingsport 1 |
| BOTTOM OF THE 2ND |
|
Kingsport Mets batting - Pitching for Washington (APP) Nationals : LHP Danny Juarez
|
|
Batting: RHB Chris Graham
|
0-0: Ball 1-0: Ground out 3-1 (Groundball, 34, EV 99.4 MPH)
|
|
Batting: RHB Andy Carrell
|
0-0: Foul Ball, location: 2F 0-1: Ground out 6-3 (Groundball, 6, EV 83.8 MPH)
|
|
Batting: RHB Roberto Delgado
|
0-0: Ball 1-0: Called Strike 1-1: Ball 2-1: Fly out, F9 (Flyball, 89S, EV 93.1 MPH)
|
| Bottom of the 2nd over - 0 runs, 0 hits, 0 errors, 0 left on base; Washington (APP) 0 - Kingsport 1 |
| TOP OF THE 3RD |
|
Washington (APP) Nationals batting - Pitching for Kingsport Mets : RHP Andy Carrell
|
|
Batting: RHB Jason Ewert
|
0-0: SINGLE (Groundball, 56S, EV 66.9 MPH) (infield hit)
|
|
Batting: LHB Vince McLane
|
0-0: Foul Ball, location: 2F 0-1: Foul Ball, location: 2F 0-2: Grounds into double play, 6-4-3 (Groundball, 6M, EV 85.6 MPH)
|
|
Batting: RHB Justin Van Houten
|
0-0: Ball 1-0: Called Strike 1-1: Ball 2-1: Swinging Strike 2-2: Foul Ball, location: 2F 2-2: Strikes out swinging
|
| Top of the 3rd over - 0 runs, 1 hit, 0 errors, 0 left on base; Washington (APP) 0 - Kingsport 1 |
| BOTTOM OF THE 3RD |
|
Kingsport Mets batting - Pitching for Washington (APP) Nationals : LHP Danny Juarez
|
|
Batting: SHB Tyler Maddux
|
0-0: Called Strike 0-1: Ball 1-1: Swinging Strike 1-2: Ball 2-2: Foul Ball, location: 2F 2-2: Ball 3-2: Base on Balls
|
|
Batting: LHB Jeremy Moorehead
|
0-0: Ball Tyler Maddux steals 2nd base 1-0: Called Strike 1-1: Ball 2-1: Called Strike 2-2: Ball 3-2: Base on Balls
|
|
Batting: LHB Dan Bremseth
|
0-0: Swinging Strike 0-1: Ball 1-1: SINGLE (Groundball, 56S, EV 70.6 MPH) (infield hit) Tyler Maddux to third Jeremy Moorehead to second
|
|
Batting: SHB Nick Daigle
|
0-0: Ball 1-0: Ball 2-0: Ball 3-0: Base on Balls Tyler Maddux scores Jeremy Moorehead to third Dan Bremseth to second
|
|
Pitching: RHP Steve Schneider
|
|
|
Batting: RHB Danny Runberg
|
0-0: Called Strike 0-1: Foul Ball, location: 2F 0-2: Ball 1-2: Ball 2-2: Ball 3-2: Base on Balls Jeremy Moorehead scores Dan Bremseth to third Nick Daigle to second
|
|
Batting: LHB Matt Baker
|
0-0: Called Strike 0-1: Ball 1-1: Ball 2-1: Ball 3-1: Base on Balls Dan Bremseth scores Nick Daigle to third Danny Runberg to second
|
|
Batting: RHB Chris Graham
|
0-0: Ball 1-0: Swinging Strike 1-1: Ball 2-1: Ball 3-1: Foul Ball, location: 2F 3-2: Base on Balls Nick Daigle scores Danny Runberg to third Matt Baker to second
|
|
Batting: RHB Andy Carrell
|
0-0: Ball 1-0: Ball Wild Pitch! Danny Runberg scores Matt Baker to third Chris Graham to second 2-0: Foul Ball, location: 2F 2-1: Foul Ball, location: 2F 2-2: Foul Ball, location: 2F 2-2: Foul Ball, location: 2F 2-2: Ball 3-2: Strikes out swinging
|
|
Pitching: LHP Mike Rosas
|
|
|
Batting: RHB Roberto Delgado
|
0-0: Foul Ball, location: 2F 0-1: Ball 1-1: Called Strike 1-2: Foul Ball, location: 2F 1-2: Ball 2-2: Ball Passed Ball! Matt Baker scores Chris Graham to third 3-2: Base on Balls
|
|
Batting: SHB Tyler Maddux
|
0-0: Foul Ball, location: 2F 0-1: Hit by Pitch Roberto Delgado to second
|
|
Batting: LHB Jeremy Moorehead
|
0-0: Ball 1-0: Fly out, F8 (Line Drive, 8RM, EV 98.8 MPH) Runner from 3rd tags up, SCORES, throw by CF
|
|
Batting: LHB Dan Bremseth
|
0-0: Ball 1-0: Called Strike 1-1: Ball 2-1: SINGLE (Groundball, 6S, EV 70.0 MPH) (infield hit) Roberto Delgado to third Tyler Maddux to second
|
|
Batting: SHB Nick Daigle
|
0-0: Called Strike 0-1: Ball 1-1: Called Strike 1-2: SINGLE (Groundball, 56, EV 85.6 MPH) (infield hit) Roberto Delgado scores Tyler Maddux to third Dan Bremseth to second
|
|
Pitching: RHP Ramiro Ramirez
|
|
|
Batting: RHB Danny Runberg
|
0-0: GRAND SLAM HOME RUN (Flyball, 78XD, EV 115.6 MPH), Distance : 459 ft
|
|
Batting: LHB Matt Baker
|
0-0: Ball 1-0: Called Strike 1-1: SINGLE (Groundball, 6MS, EV 68.1 MPH) (infield hit)
|
|
Batting: RHB Chris Graham
|
0-0: Fly out, F8 (Flyball, 8RXD, EV 85.0 MPH)
|
| Bottom of the 3rd over - 12 runs, 5 hits, 0 errors, 1 left on base; Washington (APP) 0 - Kingsport 13 |
| TOP OF THE 4TH |
|
Washington (APP) Nationals batting - Pitching for Kingsport Mets : RHP Andy Carrell
|
|
Batting: LHB Chance McWilliams
|
0-0: Called Strike 0-1: Swinging Strike 0-2: Foul Ball, location: 2F 0-2: Ball 1-2: Foul Ball, location: 2F 1-2: Ball 2-2: Strikes out swinging
|
|
Batting: RHB Tylor Cyr
|
0-0: Foul Ball, location: 2F 0-1: Swinging Strike 0-2: Ball 1-2: Strikes out swinging
|
|
Batting: RHB Justin Davenport
|
0-0: Foul Ball, location: 2F 0-1: Ball 1-1: Foul Ball, location: 2F 1-2: Ball 2-2: Foul Ball, location: 2F 2-2: Foul Ball, location: 2F 2-2: Foul Ball, location: 2F 2-2: Foul Ball, location: 2F 2-2: Foul Ball, location: 2F 2-2: Foul Ball, location: 2F 2-2: Strikes out swinging
|
| Top of the 4th over - 0 runs, 0 hits, 0 errors, 0 left on base; Washington (APP) 0 - Kingsport 13 |
| BOTTOM OF THE 4TH |
|
Kingsport Mets batting - Pitching for Washington (APP) Nationals : RHP Ramiro Ramirez
|
|
Batting: RHB Andy Carrell
|
0-0: Ball 1-0: Fly out, F9 (Flyball, 9D, EV 91.2 MPH)
|
|
Batting: RHB Roberto Delgado
|
0-0: Called Strike 0-1: Foul Ball, location: 2F 0-2: Fly out, F8 (Flyball, 8LM, EV 85.0 MPH)
|
|
Batting: SHB Tyler Maddux
|
0-0: Foul Ball, location: 2F 0-1: Ball 1-1: Ground out 5-3 (Groundball, 56S, EV 88.8 MPH)
|
| Bottom of the 4th over - 0 runs, 0 hits, 0 errors, 0 left on base; Washington (APP) 0 - Kingsport 13 |
| TOP OF THE 5TH |
|
Washington (APP) Nationals batting - Pitching for Kingsport Mets : RHP Andy Carrell
|
|
Batting: RHB Lamar Thornton
|
0-0: Called Strike 0-1: Called Strike 0-2: Ball 1-2: Strikes out swinging
|
|
Batting: RHB Chad Madsen
|
0-0: Ball 1-0: Foul Ball, location: 2F 1-1: SINGLE (Groundball, 4MD, EV 94.4 MPH)
|
|
Batting: LHB Jim Weidman
|
0-0: Ball 1-0: Ball Wild Pitch! Chad Madsen to second 2-0: Fly out, F7 (Line Drive, 7, EV 84.4 MPH)
|
|
Batting: RHB Jason Ewert
|
0-0: Called Strike 0-1: Ball 1-1: Swinging Strike 1-2: Strikes out looking
|
| Top of the 5th over - 0 runs, 1 hit, 0 errors, 1 left on base; Washington (APP) 0 - Kingsport 13 |
| BOTTOM OF THE 5TH |
|
Kingsport Mets batting - Pitching for Washington (APP) Nationals : RHP Ramiro Ramirez
|
|
Batting: LHB Jeremy Moorehead
|
0-0: Foul Ball, location: 2F 0-1: Ball 1-1: Ball 2-1: Ball 3-1: Base on Balls
|
|
Pitching: RHP Omar Perez
|
|
|
Batting: LHB Dan Bremseth
|
0-0: Reached on error, E5 (Groundball, 5L, EV 107.5 MPH) Jeremy Moorehead to second
|
|
Batting: SHB Nick Daigle
|
0-0: Ball 1-0: Swinging Strike 1-1: Grounds out, U3 (Groundball, 3L, EV 88.8 MPH) Jeremy Moorehead to third
|
|
Batting: RHB Danny Runberg
|
0-0: Foul Ball, location: 2F 0-1: Foul Ball, location: 2F 0-2: Foul Ball, location: 2F 0-2: Foul Ball, location: 2F 0-2: 3-RUN HOME RUN (Flyball, 89XD, EV 102.5 MPH), Distance : 402 ft
|
|
Batting: LHB Matt Baker
|
0-0: Called Strike 0-1: Ball 1-1: Foul Ball, location: 2F 1-2: Ball 2-2: Ball 3-2: Base on Balls
|
|
Batting: RHB Chris Graham
|
0-0: Ball 1-0: Ball 2-0: Ball 3-0: Base on Balls Matt Baker to second
|
|
Pitching: RHP Nate Vandergriff
|
|
|
Batting: RHB Andy Carrell
|
0-0: SINGLE (Groundball, 56D, EV 98.8 MPH) Matt Baker to third Chris Graham to second Runner from 3rd tries for Home, throw by LF and OUT! 7-2
|
|
Batting: RHB Roberto Delgado
|
0-0: Called Strike 0-1: Swinging Strike 0-2: Foul Ball, location: 2F 0-2: Fly out, F9 (Flyball, 9LSF, EV 93.8 MPH)
|
| Bottom of the 5th over - 3 runs, 2 hits, 1 error, 2 left on base; Washington (APP) 0 - Kingsport 16 |
| TOP OF THE 6TH |
|
Washington (APP) Nationals batting - Pitching for Kingsport Mets : RHP Andy Carrell
|
|
Batting: LHB Vince McLane
|
0-0: Ball 1-0: Ground out 4-3 (Groundball, 4, EV 103.1 MPH)
|
|
Batting: RHB Justin Van Houten
|
0-0: Ball 1-0: Foul Ball, location: 2F 1-1: Foul Ball, location: 2F 1-2: Foul Ball, location: 2F 1-2: Foul Ball, location: 2F 1-2: Strikes out looking
|
|
Batting: LHB Chance McWilliams
|
0-0: Foul Ball, location: 2F 0-1: Foul Ball, location: 2F 0-2: Ground out 4-3 (Groundball, 4MD, EV 103.1 MPH)
|
| Top of the 6th over - 0 runs, 0 hits, 0 errors, 0 left on base; Washington (APP) 0 - Kingsport 16 |
| BOTTOM OF THE 6TH |
|
Kingsport Mets batting - Pitching for Washington (APP) Nationals : RHP Nate Vandergriff
|
|
Batting: SHB Tyler Maddux
|
0-0: Fly out, F8 (Flyball, 78M, EV 74.4 MPH)
|
|
Batting: LHB Jeremy Moorehead
|
0-0: Foul Ball, location: 2F 0-1: Foul Ball, location: 2F 0-2: Ball 1-2: Foul Ball, location: 2F 1-2: Foul Ball, location: 2F 1-2: Ball 2-2: Ball 3-2: Foul Ball, location: 2F 3-2: Fly out, F7 (Flyball, 7S, EV 71.9 MPH)
|
|
Batting: LHB Dan Bremseth
|
0-0: Ball 1-0: Called Strike 1-1: Called Strike 1-2: Ground out 4-3 (Groundball, 4, EV 103.1 MPH)
|
| Bottom of the 6th over - 0 runs, 0 hits, 0 errors, 0 left on base; Washington (APP) 0 - Kingsport 16 |
| TOP OF THE 7TH |
|
Washington (APP) Nationals batting - Pitching for Kingsport Mets : RHP Andy Carrell
|
|
Pitching: RHP Antonio Reyes
|
|
|
Batting: RHB Tylor Cyr
|
0-0: Ball 1-0: Foul Ball, location: 2F 1-1: Fly out, F8 (Flyball, 78D, EV 97.5 MPH)
|
|
Batting: RHB Justin Davenport
|
0-0: Foul Ball, location: 2F 0-1: Called Strike 0-2: Ball 1-2: Ground out 6-3 (Groundball, 6, EV 91.2 MPH)
|
|
Batting: RHB Lamar Thornton
|
0-0: Called Strike 0-1: Swinging Strike 0-2: Ball 1-2: Strikes out swinging
|
| Top of the 7th over - 0 runs, 0 hits, 0 errors, 0 left on base; Washington (APP) 0 - Kingsport 16 |
| BOTTOM OF THE 7TH |
|
Kingsport Mets batting - Pitching for Washington (APP) Nationals : RHP Nate Vandergriff
|
|
Pitching: RHP Matt Norris
|
|
|
Batting: SHB Nick Daigle
|
0-0: Called Strike 0-1: DOUBLE (Groundball, 3L, EV 106.2 MPH)
|
|
Batting: RHB Danny Runberg
|
0-0: Ball 1-0: Ball 2-0: Called Strike 2-1: Ball 3-1: Base on Balls
|
|
Batting: LHB Matt Baker
|
0-0: Foul Ball, location: 2F 0-1: Ball 1-1: Fielders Choice at 2nd, 3-6 (Groundball, 34, EV 103.8 MPH) Nick Daigle to third
|
|
Batting: RHB Chris Graham
|
0-0: Called Strike 0-1: Swinging Strike 0-2: Strikes out swinging
|
|
Batting: RHB Andy Carrell
|
0-0: Ball 1-0: Called Strike 1-1: Foul Ball, location: 2F 1-2: Ball 2-2: Foul Ball, location: 2F 2-2: Foul Ball, location: 2F 2-2: Ball 3-2: Base on Balls Matt Baker to second
|
|
Pitching: LHP Willie Rivera
|
|
|
Batting: RHB Roberto Delgado
|
0-0: Ball 1-0: Foul Ball, location: 2F 1-1: Foul Ball, location: 2F 1-2: Strikes out swinging
|
| Bottom of the 7th over - 0 runs, 1 hit, 0 errors, 3 left on base; Washington (APP) 0 - Kingsport 16 |
| TOP OF THE 8TH |
|
Washington (APP) Nationals batting - Pitching for Kingsport Mets : RHP Antonio Reyes
|
|
Batting: RHB Chad Madsen
|
0-0: Ball 1-0: Ball 2-0: Foul Ball, location: 2F 2-1: Called Strike 2-2: Ball 3-2: Fly out, F7 (Line Drive, 7D, EV 99.4 MPH)
|
|
Batting: LHB Jim Weidman
|
0-0: Called Strike 0-1: Ball 1-1: Ball 2-1: Ball 3-1: Foul Ball, location: 2F 3-2: Base on Balls
|
|
Batting: RHB Jason Ewert
|
0-0: Called Strike 0-1: Fielders Choice at 2nd, 6-4 (Groundball, 6S, EV 90.0 MPH)
|
|
Batting: LHB Vince McLane
|
0-0: Foul Ball, location: 2F 0-1: Ball 1-1: Ball 2-1: Ball Wild Pitch! Jason Ewert to second 3-1: Called Strike 3-2: Foul Ball, location: 2F 3-2: 2-RUN HOME RUN (Line Drive, 9D, EV 105.6 MPH), Distance : 382 ft
|
|
Batting: RHB Justin Van Houten
|
0-0: Ground out 6-3 (Groundball, 6, EV 86.2 MPH)
|
| Top of the 8th over - 2 runs, 1 hit, 0 errors, 0 left on base; Washington (APP) 2 - Kingsport 16 |
| BOTTOM OF THE 8TH |
|
Kingsport Mets batting - Pitching for Washington (APP) Nationals : LHP Willie Rivera
|
|
Batting: SHB Tyler Maddux
|
0-0: Swinging Strike 0-1: Ball 1-1: Ball 2-1: Called Strike 2-2: Ball 3-2: Strikes out swinging
|
|
Batting: LHB Jeremy Moorehead
|
0-0: Called Strike 0-1: Swinging Strike 0-2: Ball 1-2: Ball 2-2: Foul Ball, location: 2F 2-2: Foul Ball, location: 2F 2-2: Ball 3-2: Foul Ball, location: 2F 3-2: Base on Balls
|
|
Pitching: RHP Chris Mosley
|
|
|
Batting: LHB Dan Bremseth
|
0-0: Called Strike 0-1: Called Strike 0-2: Fielders Choice at 2nd, 3-6 (Groundball, 34, EV 103.8 MPH)
|
|
Batting: SHB Nick Daigle
|
0-0: Ball 1-0: Called Strike 1-1: Foul Ball, location: 2F 1-2: Foul Ball, location: 2F 1-2: SINGLE (Groundball, 4M, EV 96.9 MPH) Dan Bremseth to second
|
|
Batting: RHB Danny Runberg
|
0-0: Called Strike 0-1: Ball 1-1: Foul Ball, location: 2F 1-2: Ball 2-2: Foul Ball, location: 2F 2-2: Ball 3-2: Base on Balls Dan Bremseth to third Nick Daigle to second
|
|
Batting: LHB Matt Baker
|
0-0: Ball 1-0: Foul Ball, location: 2F 1-1: Ground out 1-3 (Groundball, 15S, EV 68.8 MPH)
|
| Bottom of the 8th over - 0 runs, 1 hit, 0 errors, 3 left on base; Washington (APP) 2 - Kingsport 16 |
| TOP OF THE 9TH |
|
Washington (APP) Nationals batting - Pitching for Kingsport Mets : RHP Antonio Reyes
|
|
Batting: LHB Chance McWilliams
|
0-0: Ball 1-0: Hit by Pitch
|
|
Batting: RHB Tylor Cyr
|
0-0: Ball Passed Ball! Chance McWilliams to second 1-0: Swinging Strike Passed Ball! Chance McWilliams to third 1-1: Swinging Strike Passed Ball! Chance McWilliams scores 1-2: Ball 2-2: Ball 3-2: Strikes out looking
|
|
Batting: RHB Justin Davenport
|
0-0: Ball 1-0: Foul Ball, location: 2F 1-1: Foul Ball, location: 2F 1-2: Foul Ball, location: 2F 1-2: Ball 2-2: Foul Ball, location: 2F 2-2: Ball 3-2: Foul Ball, location: 2F 3-2: Foul Ball, location: 2F 3-2: Foul Ball, location: 2F 3-2: Hit by Pitch
|
|
Pitching: LHP Matt Allert
|
|
|
Batting: RHB Lamar Thornton
|
0-0: Ball 1-0: Foul Ball, location: 2F 1-1: Foul Ball, location: 2F 1-2: Fielders Choice at 2nd, 2-6 (Groundball, 13S, EV 73.1 MPH)
|
|
Batting: RHB Chad Madsen
|
0-0: DOUBLE (Line Drive, 9LM, EV 98.1 MPH) Lamar Thornton to third
|
|
Batting: LHB Jim Weidman
|
0-0: Ball 1-0: Swinging Strike 1-1: SINGLE (Line Drive, 6D, EV 98.8 MPH) Lamar Thornton scores Chad Madsen to third
|
|
Batting: RHB Jason Ewert
|
0-0: Fly out, F5 (Line Drive, 5L, EV 67.5 MPH)
|
| Top of the 9th over - 2 runs, 2 hits, 0 errors, 2 left on base; Washington (APP) 4 - Kingsport 16 |
|